cohdb
Replays
Latest Replays
All Replays
Popular Replays
Top Player Replays
Match Explorer
How It Works
Community
CoH3 Stats
Reddit
Sign in to upload your games and track your stats! →
Sign in with Steam
Match 40179909
Unlisted
Match 40179909
Overview
Messages
Build Orders
End
Construct Section Command Post
Infantry Section
Dingo Light Scout Car
Infantry Section
Vickers Machine Gun Team
Selects Indian Artillery Battlegroup
Selects Towed ML 4.2-inch Heavy Mortar
Construct Platoon Command Post
Towed ML 4.2-inch Heavy Mortar
Grenade Package
6-pounder Anti-tank Gun Team
Selects Valour
Selects Gurkha Rifles Section
6-pounder Anti-tank Gun Team
Construct Company Command Post
Infantry Training
Selects Volunteer Infantry
Gurkha Rifles Section
AI Takeover
Seed19
Particycles
ЛЕГАТ
setana
Nah
Hedgehog
0
0
Comments
sign in to comment!
No comments posted yet!